 Dungeon Crawl Stone Soup version 0.27-a0-1548-gf8a67e7463 (webtiles) character file.

Game seed: 18090031748909339860

320 PentaManta the Ruffian (level 6, -1/47 HPs)
             Began as a Draconian Transmuter on July 14, 2021.
             Slain by Edmund (9 damage)
             ... on level 4 of the Dungeon.
             The game lasted 00:08:35 (4476 turns).

PentaManta the Ruffian (Draconian Transmuter)       Turns: 4476, Time: 00:08:35

Health: -1/47      AC: 15    Str: 14    XL:     6   Next: 22%
Magic:  8/9        EV: 12    Int: 14    God:
Gold:   204        SH:  0    Dex: 11    Spells: 4/10 levels left

rFire    . . .     SeeInvis .     - Unarmed
rCold    . . .     Faith    .   (no shield)
rNeg     . . .     Spirit   .   (armour unavailable)
rPois    .         Reflect  .   (helmet currently unavailable)
rElec    .         Harm     .   (no cloak)
rCorr    .         Rampage  .   e - +0 pair of gloves
Will     .....                  (boots currently unavailable)
Stlth    +.........             (no amulet)
HPRegen  0.15/turn              n - +4 ring of protection
MPRegen  0.11/turn              p - +4 ring of protection

@: lethally poisoned (-1 -> -22), appendages (expiring)
A: horns 2, talons 2, AC +6, unfitting armour, cold-blooded
a: End Transformation


You were on level 4 of the Dungeon.
You had temporarily grown beastly horns and talons.
You visited 1 branch of the dungeon, and saw 5 of its levels.

You collected 240 gold pieces.
You spent 36 gold pieces at shops.

Inventory:

Missiles
 b - 22 poisoned darts
Armour
 e - a +0 pair of gloves (worn)
Jewellery
 n - a +4 ring of protection (left hand)
 p - a +4 ring of protection (right hand)
Wands
 k - a wand of iceblast (10)
 r - a wand of charming (10)
Scrolls
 a - a scroll of enchant armour {unknown}
 f - 5 scrolls of identify {unknown}
 g - a scroll of fog {unknown}
 h - a scroll of magic mapping {unknown}
 j - a scroll of enchant weapon {unknown}
 l - 3 scrolls of noise {unknown}
 m - a scroll of teleportation {unknown}
Potions
 c - 4 potions of curing
 d - a potion of lignification {unknown}
 i - 2 potions of might {unknown}
 o - 3 potions of brilliance {unknown}
 q - a potion of heal wounds {unknown}


   Skills:
 - Level 1.1 Fighting
 + Level 2.2 Dodging
 - Level 6.1 Unarmed Combat
 * Level 2.5 Spellcasting
 * Level 2.7 Transmutations
 * Level 1.2 Poison Magic


You had 4 spell levels left.
You knew the following spells:

 Your Spells              Type           Power      Damage    Failure   Level
a - Beastly Appendage     Tmut           18%        N/A       8%          1
b - Wereblood             Tmut           9%         N/A       11%         2
c - Spider Form           Tmut/Pois      3%         N/A       30%         3

Your spell library contained the following spells:

 Spells                   Type           Power      Damage    Failure   Level
 Animate Skeleton         Necr           2%         N/A       22%         1
 Pain                     Necr           4%         1d4       22%         1
 Vampiric Draining        Necr           0%         2d6       56%         3
 Ice Form                 Ice/Tmut       5%         N/A       78%         4


Dungeon Overview and Level Annotations

Branches:
Dungeon (5/15)
 Temple: D:4-7

Altars:
Kikubaaqudgha

Shops:
D:1 !

Annotations:
D:4 Edmund


Innate Abilities, Weirdness & Mutations

You have temporarily grown beastly horns and talons.
Your plain brown scales are hard. (AC +6)
You cannot fit into any form of body armour.
You are cold-blooded and may be slowed by cold attacks.


Message History

Edmund is heavily wounded.
Edmund closely misses you.
You hit Edmund.
Edmund is heavily wounded.
Your transformation is almost over.
You hit Edmund.
Your tail-slap misses Edmund.
Edmund is severely wounded.
Edmund zaps a wand.
The puff of flame misses you.
You barely miss Edmund. Your kick misses Edmund.
Edmund is severely wounded.
Edmund hits you with a +0 dire flail of venom.
You completely miss Edmund. You claw Edmund. Your headbutt misses Edmund.
Edmund is severely wounded.
Edmund says, "What use are spells, anyway?"
Edmund hits you but does no damage.
You barely miss Edmund. You claw Edmund, but do no damage.
You headbutt Edmund, but do no damage. You tail-slap Edmund, but do no damage.
Edmund is severely wounded.
Edmund zaps a wand.
The puff of flame hits you!
You barely miss Edmund. You claw Edmund, but do no damage.
Edmund is severely wounded.
Edmund says, "People will remember me!
They'll remember me and die!"
Edmund misses you.
You closely miss Edmund.
Edmund is severely wounded.
Edmund zaps a wand.
The puff of flame hits you.
You hit Edmund but do no damage. You claw Edmund.
You headbutt Edmund, but do no damage.
Your tail-slap misses Edmund.
Edmund is severely wounded.
You hit Edmund but do no damage. Your headbutt misses Edmund.
Edmund is severely wounded.
Edmund hits you with a +0 dire flail of venom!
* * * LOW HITPOINT WARNING * * *
You are lethally poisoned!
You closely miss Edmund. You claw Edmund, but do no damage.
Edmund is almost dead.
* * * LOW HITPOINT WARNING * * *
You feel very sick.
Edmund hits you with a +0 dire flail of venom!
You die...

#.# #.# #.# ###.##
#.#####....#######
#>...............#
#.#####....#####.#
###.#####...†#
#.##
#.......'.[..#
#..#
#.#.#####....#
##.#
#.#.@..##....# #..
#.#@...####### ##.
#.#....# #.
#.#.#### #.
#.#.####### ##
#.........# #
###.###...# #. #
#........# #...##
#........+ ......


You could see Edmund (poisoned).

Vanquished Creatures
  A howler monkey (D:4)
  2 hounds (D:4)
  Jessica (D:3)
  An iguana (D:3)
  Robin (D:2)
  3 adders
  3 gnolls (D:2)
  2 worms (D:3)
  A dart slug (D:3)
  An orc (D:4)
  5 bats
  8 endoplasms
  7 giant cockroaches
  11 hobgoblins
  10 jackals
  3 quokkas
  10 ball pythons
  3 frilled lizards
  13 goblins
  4 kobolds
  6 rats
96 creatures vanquished.

Vanquished Creatures (others)
  A withered plant (D:3)
1 creature vanquished.

Grand Total: 97 creatures vanquished

Notes
Turn   | Place    | Note
-------+----------+-------------------------------------------
     0 | D:1      | PentaManta the Draconian Transmuter began the quest for the
                  | Orb.
     0 | D:1      | Reached XP level 1. HP: 16/16 MP: 3/3
    68 | D:1      | Found a faded altar of an unknown god.
   117 | D:1      | Found Ojauss's Distillery.
   129 | D:1      | Reached XP level 2. HP: 23/23 MP: 3/5
   140 | D:1      | Learned a level 2 spell: Wereblood
   261 | D:1      | Bought a potion of curing for 36 gold pieces
   920 | D:1      | Reached XP level 3. HP: 25/28 MP: 6/6
  1130 | D:2      | Reached skill level 4 in Unarmed Combat
  1366 | D:2      | Learned a level 3 spell: Spider Form
  1404 | D:2      | You fall into a shaft and drop 1 floor!
  1419 | D:3      | Reached XP level 4. HP: 18/35 MP: 3/7
  1782 | D:3      | Noticed Jessica
  1795 | D:3      | Killed Jessica
  1796 | D:3      | Reached skill level 5 in Unarmed Combat
  1805 | D:2      | Noticed Robin
  1988 | D:2      | Reached XP level 5. HP: 30/40 MP: 3/8
  1992 | D:2      | Killed Robin
  3028 | D:3      | Reached skill level 6 in Unarmed Combat
  3293 | D:3      | Found an ancient bone altar of Kikubaaqudgha.
  3808 | D:4      | Reached skill level 1 in Poison Magic
  3808 | D:4      | Reached XP level 6. HP: 41/47 MP: 7/9
  4129 | D:4      | Noticed Edmund
  4156 | D:5      | Entered Level 5 of the Dungeon
  4476 | D:4      | Slain by Edmund

Illustrated notes

Levels and vault maps discovered:
D:1:      dpeg_arrival_simpleton_c, layout_basic, serial_shops, shop_coins,
          basic_ecumenical_altar
D:2:      layout_basic, corexii_item_surrounded_by_moat, uniq_robin
D:3:      layout_loops_corners, kiku_gazebo_garden_becter, grunt_ministairs_10,
          minmay_close_crescents, uniq_jessica
D:4:      layout_basic, uniq_edmund
D:5:      layout_loops_corners, serial_shops, shop, roderic_nine_men_s_morris

Skill      XL: |  1  2  3  4  5 |
---------------+----------------+-----
Dodging        | 2 |  2.2
Unarmed Combat | 4 5 6 |  6.1
Poison Magic   | 1 |  1.2
Fighting       | |  1.1
Spellcasting   | |  2.5
Transmutations | |  2.7

Action                   |  1- 3 |  4- 6 || total
-------------------------+-------+-------++-------
Melee: Unarmed           |   137 |   175 ||   312
       Kick              |     5 |    28 ||    33
       Tailslap          |    13 |    13 ||    26
       Headbutt          |     4 |    20 ||    24
       Punch             |     2 |     2 ||     4
 Cast: Beastly Appendage |     4 |    33 ||    37
       Wereblood         |     1 |     4 ||     5
       Spider Form       |       |     2 ||     2
 Stab: Sleeping          |     1 |       ||     1
Armor: Skin              |    43 |    69 ||   112
Dodge: Dodged            |    86 |   134 ||   220

Table legend: (Time is in decaauts)
 A = Elapsed time spent in this place.
 B = Non-inter-level travel time spent in this place.
 C = Inter-level travel time spent in this place.
 D = Time resting spent in this place.
 E = Time spent auto-exploring this place.
 F = Levels seen in this place.
 G = Mean time per level.
                   A        B        C        D        E       F      G
               +--------+--------+--------+--------+--------+-----+--------+
         Total |   4455 |   4357 |     98 |    798 |   2850 |   5 |  891.0 |
       Dungeon |   4455 |   4357 |     98 |    798 |   2850 |   5 |  891.0 |
               +--------+--------+--------+--------+--------+-----+--------+

Top non-repeatable levels by time:
     D:3: 1666 daAuts
     D:2: 1056 daAuts
     D:1: 990 daAuts
     D:4: 457 daAuts
     D:5: 285 daAuts
